AoeStats
← ryu

Arena

507592656Analyzed
2v2 RM · 15d ago on Sep 18, 2026· 40m 19s· 4 players
Game mode
Random Map
Map size
Medium (4 player)
Population
200
Speed
Normal
Resources
Standard
Victory
Conquest
Starting age
Dark Age
Ending age
Imperial Age
RankedLock teamsTeams togetherTeam positionsShared explorationLock speedFull tech treeHidden civsTurbo modeCheats
Victory
Defeat
🇺🇸 Turks · United States
1353
+12
🇺🇸 Japanese · United States
1295
+15
🇬🇧 Shu · United Kingdom
1307
-15
🇦🇺 Lithuanians · Australia
1236
-12
ryu
11:22 Feudal Age
15:15 Castle Age
13:27 Double-Bit Axe
15:23 Horse Collar
16:13 Bow Saw
16:51 Loom
21:50 Wheelbarrow
25:20 Hand Cart
25:25 Elite Skirmisher
29:44 Imperial Age
27:18 Loom
28:01 Fletching
30:05 Bodkin Arrow
30:10 Padded Archer Armor
30:34 Ballistics
30:49 Kataparuto
31:05 Conscription
31:04 Thumb Ring
30:57 Gold Mining
30:58 Stone Mining
31:11 Heavy Plow
32:05 Squires
33:04 Leather Archer Armor
32:49 Bracer
33:07 Leather Archer Armor
32:55 Bracer
33:11 Leather Archer Armor
33:52 Siege Engineers
34:48 Chemistry
35:58 Two-Man Saw
37:42 Ring Archer Armor
fury5559
11:16 Feudal Age
14:51 Castle Age
13:13 Double-Bit Axe
13:17 Loom
33:38 Horse Collar
39:36 Imperial Age
38:38 Padded Archer Armor
39:44 Leather Archer Armor
41:01 Ring Archer Armor
Glynfidditch
10:15 Feudal Age
13:05 Loom
15:52 Castle Age
14:00 Double-Bit Axe
14:38 Fletching
15:27 Padded Archer Armor
17:51 Bodkin Arrow
18:11 Horse Collar
19:38 Crossbowman
22:42 Leather Archer Armor
24:34 Masonry
24:54 Ballistics
30:03 Imperial Age
30:42 Thumb Ring
30:10 Arbalester
32:14 Chemistry
31:50 Bracer
33:47 Ring Archer Armor
34:15 Elite Skirmisher
Farmer Tunn
9:57 Feudal Age
14:41 Castle Age
12:49 Double-Bit Axe
22:53 Loom
24:11 Loom
40:04 Imperial Age
Connection lost

Rejoining the realm…

Still unreachable

The connection could not be restored.

Session expired

The server has moved on; the page needs a fresh start.